 Dungeon Crawl Stone Soup version 0.28.0-53-g5a82cb258f (webtiles) character file.

Game seed: 17324526389693838208

562 Hydra2011 the Stinger (level 7, -7/90 HPs)
             Began as a Naga Venom Mage on June 25, 2022.
             Was a Believer of Vehumet.
             Mangled by an ice beast (13 damage)
             ... on level 5 of the Dungeon.
             The game lasted 00:20:16 (4815 turns).

Hydra2011 the Stinger (Naga Venom Mage)             Turns: 4815, Time: 00:20:18

Health: -7/90      AC: 23    Str: 10    XL:     7   Next: 32%
Magic:  1/10       EV:  1    Int: 18    God:    Vehumet [**....]
Gold:   230        SH:  0    Dex: 11    Spells: 5/10 levels left

rFire   . . .      SeeInvis +   b - +0 whip (flame)
rCold   . . .      Faith    .   (no shield)
rNeg    . . .      Spirit   .   (armour currently unavailable)
rPois   +          Reflect  .   (helmet currently unavailable)
rElec   .          Harm     .   (cloak currently unavailable)
rCorr   .          Rampage  .   (gloves currently unavailable)
Will    .....      NoTele   +   (no barding)
Stlth   ++........              d - amulet of regeneration
HPRegen 1.05/turn               (no ring)
MPRegen 0.12/turn               (no ring)

@: brilliant, tree-form, invisible
A: stationary, stasis, torment immunity, boosted hp, AC +2, large, see
invisible, (deformed body), (poison resistance), (slowness 2), spit poison 1,
(naga tail 1)
a: Spit Poison, Renounce Religion


You were on level 5 of the Dungeon.
You worshipped Vehumet.
Vehumet was pleased with you.
You were a tree.
You visited 1 branch of the dungeon, and saw 5 of its levels.

You collected 230 gold pieces.

Inventory:

Hand Weapons
 b - a +0 whip of flaming (weapon)
Armour
 a - a +0 robe (melded)
 o - a +0 pair of gloves (melded)
 p - a +1 cloak (melded)
Jewellery
 d - an amulet of regeneration (around neck)
 f - a ring of ice
 g - a ring of ice
Wands
 s - a wand of iceblast (9)
Potions
 c - a potion of lignification
 j - a potion of magic
 m - a potion of attraction {unknown}


   Skills:
 - Level 2.0 Fighting
 - Level 2.0 Maces & Flails
 - Level 1.5 Dodging
 - Level 3.6 Stealth
 - Level 2.4 Spellcasting
 - Level 4.0 Conjurations
 - Level 1.0 Transmutations
 - Level 2.0 Fire Magic
 + Level 3.8 Air Magic
 - Level 4.3 Poison Magic


You had 5 spell levels left.
You knew the following spells:

 Your Spells              Type           Power      Damage    Failure   Level
a - Sting                 Tmut/Pois      72%        1d6       5%          1
b - Shock                 Conj/Air       96%        1d9       3%          1
c - Foxfire               Conj/Fire      76%        2x1d7     4%          1
d - Scorch                Fire           28%        2d6       12%         2

Your spell library contained the following spells:

 Spells                   Type           Power      Damage    Failure   Level
 Poisonous Vapours        Pois/Air       50%        N/A       4%          2
 Mephitic Cloud           Conj/Pois/Air  25%        N/A       10%         3
 Conjure Flame            Conj/Fire      19%        6-21      16%         3
 Ignite Poison            Fire/Tmut/Pois 16%        N/A       19%         3
 Olgreb's Toxic Radiance  Pois           27%        N/A       28%         4
 Inner Flame              Hex/Fire       8%         N/A       34%         3
 Flame Wave               Conj/Fire      19%        2d6       45%         4
 Sticky Flame             Conj/Fire      19%        2d4       45%         4


Dungeon Overview and Level Annotations

Branches:
Dungeon (5/15)
 Temple: D:4-7

Altars:
Qazlal
Ru
Vehumet


Innate Abilities, Weirdness & Mutations

You are a tree.
Your roots penetrate the ground, keeping you stationary.
You cannot be teleported.
You are immune to unholy pain and torment.
Your maximum health is greatly increased.
Your equipment is partially melded.
((Your serpentine skin is tough. (AC +2)))
You have supernaturally acute eyesight. (SInv)
((Armour fits poorly on your strangely shaped body.))
((Your system is resistant to poisons. (rPois)))
((You cover ground very slowly.))
You can spit poison.
((You have a snake-like lower body.))


Message History

The ice beast is lightly wounded.
The phantom hits you but does no damage.
The ice beast hits you but does no damage.
The scorpion completely misses you.
You closely miss the scorpion.
The scorpion is lightly wounded.
The phantom hits you but does no damage.
The scorpion stings you but does no damage.
The ice beast hits you but does no damage.
You barely miss the scorpion.
The scorpion is lightly wounded.
The scorpion stings you but does no damage.
The phantom hits you. The ice beast hits you.
* * * LOW HITPOINT WARNING * * *
The ice beast freezes you!
* * * LOW HITPOINT WARNING * * *
You feel better.
The scorpion stings you but does no damage.
The phantom hits you but does no damage.
The ice beast hits you but does no damage.
The scorpion stings you!
* * * LOW HITPOINT WARNING * * *
It was a potion of brilliance.
You feel clever all of a sudden.
The phantom hits you but does no damage.
The ice beast hits you but does no damage.
The scorpion stings you.
* * * LOW HITPOINT WARNING * * *
It was a potion of flight.
Your roots keep you in place.
The phantom hits you but does no damage.
The ice beast hits you but does no damage.
The scorpion stings you but does no damage.
It was a potion of invisibility.
You fade into invisibility!
The phantom hits you but does no damage.
The scorpion stings you but does no damage.
The ice beast hits you.
* * * LOW HITPOINT WARNING * * *
The ice beast freezes you!
You die...

#..........#
#.#......#.#
#..........#
#..#....#..#
#..........#
##.#####...#..#...#
#............(....#
...#.####s...##...##
#.♣W..)...##
#.Y.#).#...#
##..........#
#...#....#..#
.#####...........#
........#......#.#
#####.).........#
#..#####.##.# #.Y#
#....#


You could see a phantom, an ice beast and a scorpion.

Vanquished Creatures
  A necrophage (D:4)
  A water moccasin skeleton (D:5)
  A howler monkey (D:5)
  3 hounds (D:4)
  A centaur skeleton (D:4)
  2 iguanas (D:4)
  Jessica (D:3)
  A bullfrog skeleton (D:3)
  5 gnolls (D:5)
  4 adders
  A shadow imp (D:3)
  An ufetubus (D:4)
  5 dart slugs
  2 orcs
  7 ball pythons
  7 bats
  5 endoplasms
  4 giant cockroaches
  9 goblins
  6 hobgoblins
  2 quokkas (D:1)
  A frilled lizard (D:2)
  4 kobolds
  9 rats
83 creatures vanquished.

Vanquished Creatures (others)
  24 foxfires
  2 plants (D:2)
26 creatures vanquished.

Grand Total: 109 creatures vanquished

Notes
Turn   | Place    | Note
-------+----------+-------------------------------------------
     0 | D:1      | Hydra2011 the Naga Venom Mage began the quest for the Orb.
     0 | D:1      | Reached XP level 1. HP: 15/15 MP: 3/3
    94 | D:1      | Found a faded altar of an unknown god.
    94 | D:1      | Noticed an orange demon
   102 | D:1      | Prayed at the altar of an unknown god.
   102 | D:1      | Became a worshipper of Vehumet
   102 | D:1      | Reached * piety under Vehumet
   102 | D:1      | Offered knowledge of Shock by Vehumet.
   105 | D:1      | Learned a level 1 spell: Shock
   213 | D:1      | Reached XP level 2. HP: 19/22 MP: 1/5
  1066 | D:1      | Reached XP level 3. HP: 28/28 MP: 6/6
  1866 | D:2      | Found a sacrificial altar of Ru.
  1877 | D:2      | Reached skill level 1 in Conjurations
  1877 | D:2      | Reached skill level 1 in Air Magic
  2033 | D:2      | Learned a level 1 spell: Foxfire
  2397 | D:3      | Reached XP level 4. HP: 31/36 MP: 3/7
  2451 | D:3      | Reached skill level 1 in Maces & Flails
  2489 | D:3      | Noticed Jessica
  2495 | D:3      | Killed Jessica
  2568 | D:3      | Reached skill level 1 in Fire Magic
  2607 | D:3      | Reached ** piety under Vehumet
  2607 | D:3      | Offered knowledge of Scorch by Vehumet.
  2611 | D:3      | Learned a level 2 spell: Scorch
  2918 | D:3      | Noticed a water elemental
  2926 | D:3      | Noticed an air elemental
  2967 | D:3      | Reached XP level 5. HP: 26/42 MP: 1/8
  3148 | D:3      | Found a stormy altar of Qazlal.
  3151 | D:3      | Noticed a fire elemental
  3523 | D:4      | Reached XP level 6. HP: 50/50 MP: 3/9
  3662 | D:4      | Reached skill level 1 in Fighting
  4049 | D:4      | Noticed a necrophage
  4052 | D:4      | Killed a necrophage
  4508 | D:5      | Entered Level 5 of the Dungeon
  4532 | D:5      | Reached XP level 7. HP: 47/60 MP: 4/10
  4815 | D:5      | Mangled by an ice beast

Illustrated notes

Levels and vault maps discovered:
D:1:      dpeg_arrival_windows_large_door, layout_basic, serial_corexii_hall,
          corexii_hall_statues_l, corexii_hall_statues_u,
          dreamdust_ecumenical_altar_sealed_demon, kennysheep_nondescript,
          minmay_ruptured
D:2:      layout_rooms, basic_altar, minmay_misc_feat_cross, dk_noncrumbling_4,
          serial_bayou_lagoon_a, minmay_split_cup_large
D:3:      cheibrodos_helix_gallery, layout_basic,
          nicolae_qazlal_style_of_elements, uniq_jessica
D:4:      layout_loops_ring, serial_glass, glass_columns_a, glass_columns_a,
          glass_columns_a, glass_columns_b, glass_columns_b, glass_columns_a
D:5:      layout_loops_ring, chequers_temple_overflow_minitemple,
          mainiacjoe_overflow_paths, minmay_misc_feat_more_columns

Skill      XL: |  1  2  3  4  5  6  7 |
---------------+----------------------+-----
Conjurations   | 1 2 3 4 |  4.0
Air Magic      | 1 2 3 |  3.8
Maces & Flails | 1 2 |  2.0
Fire Magic     | 1 2 |  2.0
Fighting       | 2 |  2.0
Dodging        | |  1.5
Stealth        | |  3.6
Spellcasting   | |  2.4
Transmutations | |  1.0
Poison Magic   | |  4.3

Action                   |  1- 3 |  4- 6 |  7- 9 || total
-------------------------+-------+-------+-------++-------
Melee: Unarmed           |     2 |       |       ||     2
       Whip              |    47 |    30 |    31 ||   108
       Punch             |     1 |       |       ||     1
 Cast: Sting             |    38 |     7 |       ||    45
       Shock             |    26 |   102 |    14 ||   142
       Foxfire           |     5 |     1 |     6 ||    12
       Scorch            |       |     3 |     4 ||     7
  Use: Scroll            |       |       |     7 ||     7
       Potion            |       |       |     5 ||     5
 Stab: Sleeping          |     2 |       |       ||     2
Armor: Robe              |    11 |    22 |    26 ||    59
       Skin              |       |       |    23 ||    23
Dodge: Dodged            |    42 |    35 |    23 ||   100
